 Dungeon Crawl Stone Soup version 0.30.1-9-gdf580d7c3d (webtiles) character file.

Game seed: 11094268167839203228

1516 pkoi the Conjurer (level 8, 0/62 HPs)
             Began as a White Draconian Fire Elementalist on Oct 16, 2023.
             Was an Initiate of Vehumet.
             Slain by an ice beast (6 damage)
             ... on level 5 of the Dungeon.
             The game lasted 00:11:15 (7204 turns).

pkoi the Conjurer (DrFE)                            Turns: 7204, Time: 00:11:16

Health: 0/62       AC:  7    Str: 11    XL:     8   Next: 53%
Magic:  3/13       EV: 12    Int: 17    God:    Vehumet [......]
Gold:   97         SH:  5    Dex: 12    Spells: 11/14 levels left

rFire   . . .        A - +0 short sword (venom)
rCold   + . .        (no shield)
rNeg    . . .        (body armour unavailable)
rPois   .            G - +0 hat
rElec   .            B - scarf {+Inv}
rCorr   .            q - +0 pair of gloves
SInv    .            (no boots)
Will    .....        i - amulet of reflection
Stlth   ++           (no ring)
HPRegen 0.30/turn    (no ring)
MPRegen 0.13/turn

%: reflection
@: short of breath, slowed, very slow
A: breathe frost, AC +6, unfitting armour, cold resistance 1, cold-blooded
a: Breathe Frost, Renounce Religion, Evoke Invisibility


You were on level 5 of the Dungeon.
You worshipped Vehumet.
Vehumet was noncommittal.
You visited 2 branches of the dungeon, and saw 7 of its levels.
You also visited: Sewer.

You collected 185 gold pieces.
You spent 88 gold pieces at shops.

Inventory:

Hand Weapons
 c - a +1 heavy sling
 d - a +0 dagger
 f - a +1 short sword of flaming
 w - a +1 short sword of protection
 A - a +0 short sword of venom (weapon)
Missiles
 s - 2 throwing nets
 x - a curare-tipped dart
 y - 23 poisoned darts
Armour
 q - a +0 pair of gloves (worn)
 B - a scarf of invisibility (worn)
 G - a +0 hat (worn)
Jewellery
 g - an amulet of regeneration
 i - an amulet of reflection (around neck)
Scrolls
 j - a scroll of enchant weapon
 l - 2 scrolls of teleportation
 n - a scroll of immolation {unknown}
 r - 2 scrolls of amnesia {unknown}
 t - 3 scrolls of magic mapping {unknown}
 u - a scroll of enchant armour {unknown}
 v - 3 scrolls of identify
Potions
 a - 4 potions of magic
 b - 4 potions of heal wounds
 e - a potion of invisibility
 h - a potion of degeneration {unknown}
 k - 3 potions of curing
 m - a potion of flight
 o - a potion of lignification {unknown}
 p - a potion of might
 z - 2 potions of haste {unknown}
 C - 2 potions of cancellation {unknown}
 F - a potion of brilliance {unknown}


   Skills:
 + Level 2.7 Fighting
 + Level 3.0 Dodging
 - Level 1.7 Stealth
 + Level 3.8 Spellcasting
 + Level 6.5 Conjurations
 - Level 6.0 Fire Magic


You had 11 spell levels left.
You knew the following spells:

 Your Spells              Type           Power      Damage    Failure   Level
a - Foxfire               Conj/Fire      96%        2x1d8     1%          1
b - Scorch                Fire           46%        2d7       1%          2

Your spell library contained the following spells:

 Spells                   Type           Power      Damage    Failure   Level
 Flame Wave               Conj/Fire      24%        2d8       12%         4
 Inner Flame              Hex/Fire       13%        N/A       14%         3
 Volatile Blastmotes      Fire/Tloc      26%        2d12      14%         3
 Fulminant Prism          Conj/Hex       7%         3d7       38%         4
 Iskenderun's Mystic Bla  Conj/Tloc      14%        2d5       38%         4
 Lee's Rapid Deconstruct  Erth           1%         3d4*      99%         5


Dungeon Overview and Level Annotations

Branches:
Dungeon (6/15)             Temple (1/1) D:5           Sewer (visited)

Altars:
Ashenzari
Cheibriados
Elyvilon
Gozag
Hepliaklqana
Makhleb
Nemelex Xobeh
Okawaru
Ru
Sif Muna
Trog
Vehumet
Yredelemnul
Zin
The Shining One

Shops:
D:3 *   D:4 ?   D:6 (

Annotations:
D:2 1 runed translucent door, Crazy Yiuf


Innate Abilities, Weirdness & Mutations

You can breathe waves of freezing cold which knock back foes.
Your icy white scales are hard. (AC +6)
You cannot fit into any form of body armour.
Your flesh is cold resistant. (rC+)
You are cold-blooded and may be slowed by cold attacks.


Message History

The ice beast hits you. The ice beast freezes you! You resist.
Your foxfire dissipates!
The foxfire hits the ice beast but does no damage.
The ice beast is heavily wounded.
You block the ice beast's attack.
Things that are here:
+0 steam dragon scales; a steam dragon corpse
Found Gyobellou's Antique Weapon Shoppe.
The ice beast hits you but does no damage.
There is a stone staircase leading up here.
The ice beast hits you. The ice beast freezes you! You resist.
* * * LOW HITPOINT WARNING * * *
The wraith barely misses you.
You climb upwards.
There is a stone staircase leading down here.
Unknown command.
Unknown command.
The wraith attacks as you move away! You block the wraith's attack.
The ice beast closely misses you. The wraith attacks as you move away!
The wraith hits you.
* * * LOW HITPOINT WARNING * * *
The wraith drains your vigour!
You feel yourself slow down. The wraith attacks as you move away!
The wraith misses you. The ice beast attacks as you move away!
The ice beast barely misses you.
Aiming: Breathe Frost (4% risk of failure)
Press: ? - help, Shift-Dir - straight line, f - wraith
Aim: a wraith (68% to hit)
You exhale a wave of freezing cold.
The freezing breath hits the ice beast.
The ice beast completely resists.
The ice beast is heavily wounded.
The freezing breath hits the wraith.
The wraith resists.
The wraith is lightly damaged.
The wraith is knocked back by the freezing wind.
The freezing breath hits the wraith.
The wraith resists.
The wraith is lightly damaged.
The wraith is knocked back by the freezing wind.
The ice beast hits you.
* * * LOW HITPOINT WARNING * * *
The ice beast freezes you. You resist.
You die...

..........[......######.#.# #
≈≈≈≈≈###..................# #
###### #.......########.#.#
#### ###.......# #.#.# #...
#.........# #.#.# #.##
#.#.......# #.#.# #.#
#.#.......# #.#.# #.#
#.#.......##### #§#.####.#
#.###W.>..Y@..####.§P..##.##
#.# #########.##...§≈≈......
#.# #.##§#.P≈§..####
######.###########).....P.PP##
##.................##.##...##
.........#########.##.##...#
##.####..# #.##.##.### ##.#
#..# #.##.##.# #.# #..#####
#.##.##.#


You could see a wraith and an ice beast.

Vanquished Creatures
  Grinder (D:3)
  A steam dragon (D:6)
  2 ogres
  A phantom (D:5)
  4 kobold brigands (Sewer)
  Blork the orc (D:5)
  A jelly (D:5)
  A gnoll bouda (D:4)
  A hound (D:5)
  Natasha (thrice) (D:3)
  An iguana (D:4)
  A sleepcap (D:4)
  Robin (D:3)
  5 gnolls
  12 adders
  8 river rats (Sewer)
  3 white imps (D:5)
  3 ufetubi (D:5)
  A worm (D:2)
  2 dart slugs
  5 orcs
  9 ball pythons
  7 endoplasms
  6 giant cockroaches
  10 goblins
  7 hobgoblins
  6 jackals (D:1)
  6 quokkas
  5 bats
  4 frilled lizards
  22 kobolds
  24 rats
164 creatures vanquished.

Vanquished Creatures (others)
  393 foxfires
393 creatures vanquished.

Grand Total: 557 creatures vanquished

Notes
Turn   | Place    | Note
-------+----------+-------------------------------------------
     0 | D:1      | pkoi the Draconian Fire Elementalist began the quest for
                  | the Orb.
     0 | D:1      | Reached XP level 1. HP: 14/14 MP: 3/3
   208 | D:1      | Reached XP level 2. HP: 20/20 MP: 0/5
   582 | D:1      | Learned a level 2 spell: Scorch
  1012 | D:1      | Reached XP level 3. HP: 26/26 MP: 4/6
  1347 | D:2      | Found a faded altar of an unknown god.
  1822 | D:2      | Found an iron altar of Okawaru.
  2117 | D:2      | Found a runed translucent door.
  2118 | D:2      | Noticed Crazy Yiuf
  2189 | D:3      | Noticed Robin
  2195 | D:3      | Killed Robin
  2196 | D:3      | Reached XP level 4. HP: 33/33 MP: 0/7
  2505 | D:3      | Noticed Grinder
  2513 | D:3      | Paralysed by Grinder for 4 turns
  2616 | D:3      | Killed Grinder
  2617 | D:3      | Reached skill level 5 in Fire Magic
  2617 | D:3      | Reached XP level 5. HP: 31/38 MP: 1/8
  2617 | D:3      | Reached XP level 6. HP: 36/45 MP: 1/9
  2697 | D:3      | Noticed Natasha
  2709 | D:3      | Killed Natasha
  2731 | D:3      | Noticed Natasha
  2748 | D:3      | Killed Natasha
  2957 | D:3      | Found Jiuschem's General Store.
  2964 | D:3      | Bought a potion of heal wounds for 55 gold pieces
  2964 | D:3      | Bought a scroll of teleportation for 33 gold pieces
  2987 | D:3      | Identified the +11 halberd of Lugonu's Wrath {distort,
                  | rElec Str+2}
  3060 | D:3      | Noticed Natasha
  3066 | D:3      | Killed Natasha
  3673 | D:4      | Reached skill level 5 in Conjurations
  3673 | D:4      | Your scales start taking on an icy white colour.
  3673 | D:4      | Reached XP level 7. HP: 21/50 MP: 5/10
  3673 | D:4      | Gained mutation: Your flesh is cold resistant. (rC+) [White
                  | Draconian growth]
  3996 | D:4      | Reached skill level 5 in Fire Magic
  4115 | D:4      | Found a white marble altar of Elyvilon.
  4300 | D:4      | Found Quisof's Magic Scroll Emporium.
  4529 | D:5      | Entered Level 5 of the Dungeon
  4714 | D:5      | Found a staircase to the Ecumenical Temple.
  4803 | D:5      | Found a glowing drain.
  4812 | Sewer    | Entered a sewer
  5383 | Sewer    | Reached XP level 8. HP: 57/57 MP: 5/12
  5729 | Sewer    | Reached skill level 1 in Fighting
  6455 | D:5      | Noticed Blork the orc
  6462 | D:5      | Killed Blork the orc
  6943 | Temple   | Entered the Ecumenical Temple
  7107 | Temple   | Became a worshipper of Vehumet
  7196 | D:6      | Found Gyobellou's Antique Weapon Shoppe.
  7204 | D:5      | Slain by an ice beast

Illustrated notes

Levels and vault maps discovered:
D:1:      dpeg_arrival_pond, layout_basic, interstate_on_off
D:2:      layout_basic, hellmonk_ecumenical_altar_slurped_away, basic_altar,
          uniq_crazy_yiuf_cottage
D:3:      wander_river, layout_basic, serial_shops, nicolae_shop_trees,
          chequers_serial_rivers_small_3, uniq_grinder, uniq_robin, uniq_natasha
D:4:      layout_loops_ring, marbit_many_paths, serial_shops,
          nicolae_take_the_stairs
D:5:      layout_loops_ring, minmay_temple_entry_statues_pillars,
          portal_sewer_entry_f, serial_demonic, serial_demonic_a,
          serial_demonic_f, serial_demonic_g, serial_demonic_e,
          amcnicky_mini_rare_corridor_liquid, uniq_blork_the_orc
D:6:      layout_gridville, serial_shops, nicolae_shop_waterfront,
          kennysheep_little_box, shop, nicolae_shop_just_a_little_nook,
          ebering_ghost_rock_garden
Temple:   hellmonk_temple_forest_ring

Skill      XL: |  1  2  3  4  5  6  7  8 |
---------------+-------------------------+-----
Conjurations   | 2 4 5 6 |  6.5
Fire Magic     | 4 5 4 6 |  6.0
Spellcasting   | 3 |  3.8
Fighting       | 2 |  2.7
Dodging        | 3 |  3.0
Stealth        | |  1.7

Action                     |  1- 3 |  4- 6 |  7- 9 || total
---------------------------+-------+-------+-------++-------
  Melee: Unarmed           |    14 |       |       ||    14
         Dagger            |     4 |       |       ||     4
         Tailslap          |     5 |     1 |     6 ||    12
         Short sword       |    27 |    39 |    42 ||   108
         Punch             |       |     1 |       ||     1
   Fire: Sling             |       |     4 |     7 ||    11
   Cast: Foxfire           |    50 |    36 |   134 ||   220
         Scorch            |     6 |    15 |    33 ||    54
Ability: Breathe Frost     |       |       |     4 ||     4
    Use: Scroll            |     3 |     2 |     3 ||     8
         Potion            |       |     1 |       ||     1
   Stab: Sleeping          |     1 |     1 |     1 ||     3
 Armour: Skin              |    15 |    16 |    34 ||    65
  Dodge: Dodged            |    37 |    29 |    63 ||   129
  Block: Other             |     4 |    21 |    22 ||    47
         Reflection        |       |     3 |       ||     3
